 Dungeon Crawl Stone Soup version 0.20.0-15-g7f486f2 (webtiles) character file.

266 vishdafish the Shield-Bearer (level 6, -1/38 HPs)
             Began as a Gargoyle Fighter on June 19, 2017.
             Slain by an ogre
             ... wielding a cursed -2 giant club
              (16 damage)
             ... on level 4 of the Dungeon.
             The game lasted 00:08:23 (3165 turns).

vishdafish the Shield-Bearer (Gargoyle Fighter)     Turns: 3165, Time: 00:08:24

Health: -1/38      AC: 13    Str: 21    XL:     6   Next: 20%
Magic:  6/6        EV:  8    Int:  8    God:
Gold:   211        SH:  9    Dex: 10    Spells: 5/5 levels left

rFire    . . .     SeeInvis .   g - +0 flail
rCold    . . .     Gourm    .   c - +0 shield
rNeg     + + .     Faith    .   b - +0 scale mail
rPois    ∞         Spirit   .   (no helmet)
rElec    +         Reflect  .   (no cloak)
rCorr    .         Harm     .   t - +1 pair of gloves
MR       .....                  (no boots)
Stlth    ..........             (no amulet)
Regen    0.2/turn               v - ring of poison resistance
MPRegen  0.1/turn               q - ring of positive energy

@: no status effects
A: negative energy resistance 1, electricity resistance, unbreathing,
petrification resistance, rot immunity, AC +4
a: no special abilities


You were on level 4 of the Dungeon.
You were not hungry.

You visited 1 branch of the dungeon, and saw 4 of its levels.

You collected 229 gold pieces.
You donated 18 gold pieces to Zin.

Inventory:

Hand Weapons
 g - a +0 flail (weapon)
Armour
 b - a +0 scale mail (worn)
 c - a +0 shield (worn)
 t - a +1 pair of gloves (worn)
Jewellery
 q - a ring of positive energy (right hand)
 r - an uncursed ring of fire
 v - a ring of poison resistance (left hand)
Scrolls
 e - a scroll of teleportation
 f - a scroll of magic mapping {unknown}
 j - 2 scrolls of identify {unknown}
 k - a scroll of remove curse
 u - a scroll of random uselessness {unknown}
Potions
 a - a potion of brilliance {unknown}
 d - 2 potions of might
 h - 2 potions of heal wounds {unknown}
 i - 2 potions of cancellation {unknown}
 m - 2 potions of magic {unknown}
 n - 2 potions of agility {unknown}
 p - a potion of ambrosia {unknown}
Books
 l - a book of Misfortune

   Spells                             Type                      Level
   a - Confusing Touch                Hexes                        1
   b - Confuse                        Hexes                        3
   c - Gell's Gravitas                Translocation                3
   d - Petrify                        Transmutation/Earth          4
   e - Metabolic Englaciation         Hexes/Ice                    5
   f - Yara's Violent Unravelling     Hexes/Transmutation          5


   Skills:
 + Level 4.1 Fighting
 + Level 3.7 Maces & Flails
 + Level 4.4 Armour
 + Level 1.1 Dodging
 + Level 4.7 Shields


You had 5 spell levels left.
You didn't know any spells.

Dungeon Overview and Level Annotations

Branches:
Dungeon (4/15)
 Temple: D:4-7

Altars:
Vehumet
Zin


Innate Abilities, Weirdness & Mutations

You are resistant to torment.
Your stone body is resilient. (AC +4)
You are immune to poison.
You resist negative energy. (rN+)
You are resistant to electric shocks. (rElec)
You can survive without breathing.
You are immune to petrification.
You are immune to rotting.


Message History

You are too injured to fight recklessly!
You are too injured to fight recklessly!
You are too injured to fight recklessly!
You are too injured to fight recklessly!
You are too injured to fight recklessly!
You are too injured to fight recklessly!
You are too injured to fight recklessly!
You are too injured to fight recklessly!
You hit the ogre.
The ogre is heavily wounded.
The leopard gecko bites you. You block the ogre's attack.
You hit the ogre.
The ogre is heavily wounded.
You block the leopard gecko's attack. The ogre barely misses you.
The leopard gecko bites you but does no damage.
You hit the ogre but do no damage.
The ogre is heavily wounded.
The leopard gecko bites you but does no damage.
The ogre hits you with a giant club!
You die...

####### #### #.[...#
#########....
#.....###...........
#............##...###
#..............l....
########.......#..#
##....l##.###
##..#..@O...#
####..######.#.#
#.....# #
....##..####.#
...####.#.....#
..........#####
...####<####### ...
#.# .....
.....##.#......


You could see an ogre and a leopard gecko.

Vanquished Creatures
  An orc priest (D:3)
  An orc wizard (D:3)
  4 gnolls
  5 adders (D:2)
  2 worms
  7 dart slugs
  2 leopard geckos (D:3)
  8 orcs (D:3)
  8 bats
  5 giant cockroaches
  9 goblins
  7 hobgoblins
  13 jackals
  6 kobolds
  2 quokkas
  A ball python (D:3)
  6 frilled lizards
  7 rats
94 creatures vanquished.

Vanquished Creatures (others)
  4 toadstools (D:1)
4 creatures vanquished.

Grand Total: 98 creatures vanquished

Notes
Turn   | Place    | Note
-------+----------+-------------------------------------------
     0 | D:1      | vishdafish the Gargoyle Fighter began the quest for the Orb.
     0 | D:1      | Reached XP level 1. HP: 14/14 MP: 1/1
    24 | D:1      | Reached XP level 2. HP: 15/19 MP: 2/2
   177 | D:1      | Reached XP level 3. HP: 22/24 MP: 3/3
   582 | D:2      | Reached XP level 4. HP: 29/29 MP: 4/4
  1448 | D:2      | Reached XP level 5. HP: 31/33 MP: 5/5
  2306 | D:3      | Found a faded altar of an unknown god.
  2353 | D:3      | Reached skill level 1 in Dodging
  2388 | D:3      | Became a worshipper of Zin the Law-Giver
  2388 | D:3      | Reached * piety under Zin
  2388 | D:3      | Reached ** piety under Zin
  2394 | D:3      | Fell from the grace of Zin
  2504 | D:3      | Found a glowing silver altar of Zin.
  2600 | D:3      | Found a radiant altar of Vehumet.
  3005 | D:3      | Reached XP level 6. HP: 37/38 MP: 6/6
  3165 | D:4      | Slain by an ogre

Skill      XL: |  1  2  3  4  5 |
---------------+----------------+-----
Shields        | 4 |  4.7
Armour         | 4 |  4.4
Maces & Flails | 3 |  3.7
Fighting       | 4 |  4.1
Dodging        | 1 |  1.1

Action                   |  1- 3 |  4- 6 || total
-------------------------+-------+-------++-------
Melee: Flail             |    81 |   207 ||   288
       Morningstar       |       |   189 ||   189
Invok: Renounce Religion |       |     1 ||     1
  Use: Scroll            |       |     4 ||     4
  Eat: Bread ration      |       |     2 ||     2
       Royal jelly       |       |     1 ||     1
       Fruit             |       |     1 ||     1
Armor: Scale mail        |    45 |   309 ||   354
Dodge: Dodged            |    31 |   211 ||   242
Block: Shield            |    53 |   344 ||   397
